 Dungeon Crawl Stone Soup version 0.31-a0-149-g3fdcc5976a (webtiles) character file.

Game seed: 12189596843565920251

2 comborobin the Sneak (level 1, -2/13 HPs)
             Began as a Deep Elf Delver on June 7, 2023.
             Shot with an arrow by a centaur (15 damage)
             ... on level 4 of the Dungeon.
             The game lasted 00:00:32 (71 turns).

comborobin the Sneak (Deep Elf Delver)                Turns: 71, Time: 00:00:33

Health: -2/13      AC:  3    Str:  9    XL:     1   Next: 25%
Magic:  3/3        EV: 12    Int: 14    God:
Gold:   16         SH:  0    Dex: 16    Spells: 0/0 levels left

rFire   . . .        a - +0 short sword
rCold   . . .        (no shield)
rNeg    . . .        b - +0 leather armour
rPois   .            (no helmet)
rElec   .            (no cloak)
rCorr   .            (no gloves)
SInv    .            (no boots)
Will    .....        (no amulet)
Stlth   +++          (no ring)
HPRegen 0.22/turn    (no ring)
MPRegen 0.08/turn

%: no passive effects
@: no status effects
A: no striking features
a: no special abilities


You were on level 4 of the Dungeon.
You visited 1 branch of the dungeon, and saw 3 of its levels.

You collected 16 gold pieces.

Inventory:

Hand Weapons
 a - a +0 short sword (weapon)
Armour
 b - a +0 leather armour (worn)
Wands
 g - a wand of digging (3)
Scrolls
 c - a scroll of fog
 d - a scroll of acquirement {unknown}
 e - a scroll of fear
Potions
 f - a potion of haste


   Skills:
 + Level 2.4 Fighting
 + Level 2.0 Short Blades
 + Level 2.4 Dodging
 + Level 6.0 Stealth


You couldn't memorise any spells.
You didn't know any spells.
Your spell library was empty.

Dungeon Overview and Level Annotations

Branches:
Dungeon (6/15)
 Temple: D:4-7

Altars:

Shops:
D:5 **

Portals:
Ossuary: D:4


Message History

Found Biniuriuhe's General Store.
Found Ucecw's Specific Store.
Why would you want to do that?
There is an entrance to Biniuriuhe's General Store here.
There is an entrance to Ucecw's Specific Store here.
Unknown command.
There is a stone staircase leading up here.
You climb upwards.
You hear the hiss of flowing sand.
There is an entrance to an ossuary on this level.
Hurry and find it before the portal is buried!
Found 16 gold pieces and a scroll labelled TAILYN QIKLEIWN.
There is a stone staircase leading down here.
Unknown command.
As you read the scroll of magic mapping, it crumbles to dust.
You feel aware of your surroundings.
You sensed 1 shop/portal.
(D) Dungeon
Where to? (? - help)
Okay, then.
An endoplasm comes into view.
You see here 16 gold pieces.
You now have 16 gold pieces.
A ball python comes into view.
The helpless ball python fails to defend itself.
You puncture the ball python!
You kill the ball python!
The helpless endoplasm fails to defend itself.
You puncture the endoplasm!
You kill the endoplasm!
d - a scroll labelled TAILYN QIKLEIWN
Found a sand-covered staircase.
There is a stone staircase leading down here.
An orc comes into view. It is wielding a +0 short sword.
Found a stone staircase leading up.
A kobold comes into view.
It is wielding a +0 short sword and quivering poisoned darts.
A centaur and a ball python come into view.
The centaur shouts!
You hear a bark!
The centaur wields a +0 shortbow.
The centaur shoots an arrow.
The arrow hits you!
Ouch! That really hurt!
You die...

,,,,,,,,,,,,,,,***,,>,,***,,,,,,,
,*,,,,,,,..c............**,,,,,,,
**,,,,,,,......#........,*,,,,,,,
,,,,,,,,,......#........,,,,,,,,,
,,,>,,,,,,,.............,,,,,,*,,
,,,,,**,,,,,S...........,,,*,,**,
*,,,****,,,,,#........K.,,,,,,,,,
,,,,*,*,##,,*#..........,,,*****,
,,,,,,,,....##..@.......,,*****,,
***,*,,,.........####.##,,***,,,,
* ***,,,#######.####..#..,,*,,,,,
* **,**#######..........,,,,,*,,
****,,,,.................,,,***,*
*,****,*###..............,,,,,,,*
,,,**,,*,,#....#..o......,,,,,,,,
,,,,,,,,.......#........,,,,,,,,,
,,,,*,*,.......#....##..,****,,,,


You could see a centaur, a ball python (wandering) and a kobold (asleep).

Vanquished Creatures
  An endoplasm (D:4)
  A ball python (D:4)
2 creatures vanquished.

Notes
Turn   | Place    | Note
-------+----------+-------------------------------------------
     0 | D:5      | comborobin the Deep Elf Delver began the quest for the Orb.
     0 | D:5      | Reached XP level 1. HP: 13/13 MP: 3/3
     1 | D:6      | Noticed a black bear
     7 | D:5      | Found Biniuriuhe's General Store.
     9 | D:5      | Found Ucecw's Specific Store.
    46 | D:4      | Found a sand-covered staircase.
    71 | D:4      | Noticed a centaur
    71 | D:4      | Shot with an arrow by a centaur

Illustrated notes

Levels and vault maps discovered:
D:4:      layout_cave_pools, enter_ossuary_4
D:5:      layout_loops_ring, nicolae_wu_jian_wuxing_cycle, minitemple,
          gup_sewer_entry_bowl, nicolae_specific_store
D:6:      layout_loops_ring, temple_pool_b, uniq_blork_the_orc, uniq_maggie

Action                     || total
---------------------------++-------
  Melee: Short sword       ||     2
    Use: Scroll            ||     1
   Stab: Sleeping          ||     2

Table legend: (Time is in decaauts)
 A = Elapsed time spent in this place.
 B = Non-inter-level travel time spent in this place.
 C = Inter-level travel time spent in this place.
 D = Time resting spent in this place.
 E = Time spent auto-exploring this place.
 F = Levels seen in this place.
 G = Mean time per level.
                   A        B        C        D        E       F      G
               +--------+--------+--------+--------+--------+-----+--------+
         Total |     70 |     55 |     15 |      0 |      0 |   3 |   23.3 |
       Dungeon |     70 |     55 |     15 |      0 |      0 |   3 |   23.3 |
               +--------+--------+--------+--------+--------+-----+--------+

Top non-repeatable levels by time:
     D:4: 48 daAuts
     D:5: 20 daAuts
     D:6: 1 daAuts
